[Event "Moscow-ch Men 2019"]
[Site "Moscow"]
[Date "2019.04.06"]
[Round "8.13"]
[White "Spichkin, Alexander"]
[Black "Yeritsyan, Aram"]
[Result "0-1"]
[ECO "A45"]
[WhiteElo "2197"]
[BlackElo "2301"]
[Annotator "NA"]
[PlyCount "94"]
[EventDate "2019.03.30"]
[EventType "swiss"]
[EventCountry "RUS"]
[SourceTitle "playchess.com"]
[Source "ChessBase"]
[SourceQuality "1"]
[TimeControl "5400+30"]

1. d4 Nf6 2. Bg5 e6 3. Nd2 c5 4. e3 cxd4 {[%emt 0:00:05] LiveBook: 77 Games} 5. exd4 h6 6. Bxf6 Qxf6 7. Ngf3 b6 8. Bd3 Bb7 9. Qe2 Nc6 10. c3 Be7 11. O-O-O a6 12. Kb1 b5 $14 13. Rhe1 O-O 14. Ne4 Qf4 15. g3 Qc7 16. g4 d5 17. Ned2 b4 18. c4 Qf4 19. Rg1 Nxd4 20. Nxd4 Qxd4 21. cxd5 Bxd5 22. Ne4 Qe5 23. f4 Qxf4 24. Rdf1 Qe5 25. g5 hxg5 26. h4 g4 27. Qxg4 f5 28. Qg3 Qxg3 29. Nxg3 Bc5 30. Nh5 Bxg1 31. Rxg1 Ra7 32. Nf4 Be4 33. Bxe4 fxe4 34. Nxe6 Rf2 35. Ng5 e3 36. Re1 Re7 37. Nh3 Rd2 38. Nf4 Re4 39. Ne2 Rxh4 40. Nc1 Rhh2 41. Rxe3 Rh1 42. Re8+ Kh7 43. Rc8 g5 44. Rc7+ Kg6 45. Rc6+ Kh5 46. Rxa6 g4 47. Ra8 Rdd1 0-1

[Event "Moscow-ch Men 2019"]
[Site "Moscow"]
[Date "2019.04.06"]
[Round "8.14"]
[White "Geivondian, Arman"]
[Black "Sekoyan, Vachagan"]
[Result "1-0"]
[ECO "A40"]
[WhiteElo "2388"]
[BlackElo "1884"]
[Annotator "NA"]
[PlyCount "103"]
[EventDate "2019.03.30"]
[EventType "swiss"]
[EventCountry "RUS"]
[SourceTitle "playchess.com"]
[Source "ChessBase"]
[SourceQuality "1"]
[TimeControl "5400+30"]

1. d4 g6 2. c4 Bg7 3. e4 d6 4. Nc3 e5 5. Nge2 Nc6 6. Be3 h5 $14 7. Qd2 Nh6 8. f3 f6 9. O-O-O Nf7 10. h3 a6 11. Kb1 Rb8 12. Qc2 Bd7 13. c5 Ne7 14. Qb3 Qc8 15. Rg1 dxc5 16. dxe5 c4 17. Qxc4 Nxe5 18. Qb3 Be6 19. Qc2 O-O 20. f4 N5c6 21. Nd4 Nxd4 22. Rxd4 Nc6 23. Rd1 Rd8 24. Rxd8+ Qxd8 25. g4 hxg4 26. hxg4 Bf7 27. Rh1 Nd4 28. Qh2 c5 29. f5 g5 30. Nd5 Rc8 31. Bc4 b5 32. Bxd4 bxc4 33. Bc3 Bxd5 34. exd5 Qxd5 35. Re1 Qd3+ 36. Ka1 Rd8 37. a3 Qd7 38. Qe2 Qf7 39. Ka2 Kf8 40. Qe6 Re8 41. Qd6+ Kg8 42. Rxe8+ Qxe8 43. Qd5+ Kh7 44. Qxc4 Qb5 45. Qxb5 axb5 46. a4 bxa4 47. Ka3 Kg8 48. Kxa4 Kf7 49. Kb5 Bf8 50. b3 Be7 51. Kc6 Bf8 52. Kd7 1-0

[Event "Moscow-ch Men 2019"]
[Site "Moscow"]
[Date "2019.04.06"]
[Round "8.15"]
[White "Kurdakov, Yuri"]
[Black "Dragomarezkij, Evgeni"]
[Result "0-1"]
[ECO "A15"]
[WhiteElo "2125"]
[BlackElo "2386"]
[Annotator "NA"]
[PlyCount "124"]
[EventDate "2019.03.30"]
[EventType "swiss"]
[EventCountry "RUS"]
[SourceTitle "playchess.com"]
[Source "ChessBase"]
[SourceQuality "1"]
[TimeControl "5400+30"]

1. c4 Nf6 2. Nf3 c5 3. Nc3 g6 4. g3 b6 5. Bg2 Bb7 6. O-O Bg7 7. b3 {[%emt 0:00:48] A30: Symmetrical English: Double Fianchetto and Hedgehog} Ne4 8. Bb2 Nxc3 9. Bxc3 Bxc3 10. dxc3 d6 11. Re1 $146 ({Predecessor:} 11. Qd2 h6 12. Rad1 Nd7 13. Nh4 Bxg2 14. Nxg2 Nf6 {½-½ (28) Kamsky,G (2721)-Ivanchuk,V (2731) Beijing 2013}) 11... Nd7 12. e4 Qc7 13. Nd2 h5 14. Nf1 h4 15. Ne3 e6 16. Qc2 hxg3 17. hxg3 O-O-O 18. Nf1 Ne5 19. f4 Ng4 20. Qe2 $15 Nf6 21. Qc2 e5 22. fxe5 dxe5 23. Rad1 Nh5 24. Rxd8+ Qxd8 25. Rd1 Qg5 26. Qd3 Nf6 27. Rd2 Qg4 28. Nh2 Qe6 29. Nf1 Ng4 30. Bf3 Re8 31. Qe2 Nf6 32. Qd3 Qh3 33. Bg2 Qg4 34. Bf3 Qd7 35. Qe3 Qe7 36. Qd3 Rd8 37. Qxd8+ Qxd8 38. Rxd8+ Kxd8 39. Nd2 Ne8 40. Kf2 Ke7 41. Ke3 Nd6 42. Kf2 Ke6 43. Ke3 f5 44. Bg2 Kf6 45. Bh1 Nf7 46. Bf3 Nd6 47. b4 Ba6 48. exf5 gxf5 49. Bd5 Bb7 50. bxc5 bxc5 51. Bg8 Ne4 52. Nxe4+ Bxe4 53. a3 Bc6 54. Kf2 Kg5 55. Be6 Be4 56. Bd5 Bc2 57. Bg2 f4 58. gxf4+ Kxf4 59. Ke2 Be4 60. Bh3 Bf3+ 61. Ke1 Ke3 62. Bf5 e4 0-1

[Event "Moscow-ch Men 2019"]
[Site "Moscow"]
[Date "2019.04.06"]
[Round "8.16"]
[White "Pavlov, Mark"]
[Black "Gubajdullin, Alexei"]
[Result "0-1"]
[ECO "A40"]
[WhiteElo "1989"]
[BlackElo "2344"]
[Annotator "NA"]
[PlyCount "106"]
[EventDate "2019.03.30"]
[EventType "swiss"]
[EventCountry "RUS"]
[SourceTitle "playchess.com"]
[Source "ChessBase"]
[SourceQuality "1"]
[TimeControl "5400+30"]

1. d4 g6 2. Nf3 Bg7 3. Bg5 h6 (3... c5 4. c3 Nf6 5. e3 O-O 6. Nbd2 b6 7. a4 Bb7 8. Be2 d6 9. O-O a6 10. Ne1 Nbd7 11. Bf3 d5 12. Nd3 h6 13. Bxf6 Bxf6 14. a5 cxd4 15. exd4 {1-0 (57) Megaranto,S (2535)-Andreikin,D (2743) Almaty 2016}) 4. Bh4 c5 5. c3 Qb6 6. Qc2 {[%emt 0:02:00] A40: Unusual replies to 1 d4} cxd4 7. cxd4 Nc6 8. e3 d6 $146 ({Predecessor:} 8... d5 9. Nc3 Bf5 10. Qd2 g5 11. Bg3 {½-½ (50) Litvinov,M (1753)-Dogodkina,J (2193) Izhevsk 2011}) 9. Nc3 Bf5 10. Qd2 g5 11. Bg3 Nf6 12. Be2 O-O 13. O-O Rfc8 14. Ne1 Na5 15. b3 Qb4 16. Rc1 Nd5 17. a3 Qxb3 18. Bd1 Nxc3 19. Bxb3 Nxb3 20. Qxc3 Rxc3 21. Rxc3 Nd2 22. Rc7 Rc8 23. Rxb7 $2 (23. Rxe7 $17 Bf8 24. Rxb7) 23... Rc1 24. f4 Bd3 25. Rf3 g4 26. Rb2 {[%emt 0:01:29] [#]} Nc4 $19 ({Not} 26... Nxf3+ 27. gxf3 gxf3 28. Kf2 $17) (26... gxf3 27. Rxd2 Be4 28. gxf3 $17) 27. Rb3 Be2 28. Rf1 Bxf1 29. Rb8+ Kh7 30. Kxf1 Nxe3+ 31. Ke2 Bxd4 32. Kd3 Nf5 33. Nc2 Bc5 34. Be1 Nd4 35. Nxd4 Rxe1 36. Nc6 Re3+ 37. Kd2 Rxa3 38. Nxe7 Be3+ 39. Ke2 Bxf4 40. Nd5 Be5 41. Rb7 Kg7 42. Ne3 h5 43. h3 g3 44. Nc2 Ra2 45. Kd3 a5 46. Ne3 a4 47. Ra7 a3 48. Ke4 Kf6 49. Nd5+ Kg6 50. Ne7+ Kh7 51. Nf5 Rxg2 52. Rxa3 Re2+ 53. Kf3 g2 0-1

[Event "Moscow-ch Men 2019"]
[Site "Moscow"]
[Date "2019.04.07"]
[Round "9.6"]
[White "Vorobiov, Evgeny E."]
[Black "Yeletsky, Ivan"]
[Result "1/2-1/2"]
[ECO "D85"]
[WhiteElo "2565"]
[BlackElo "2409"]
[Annotator "ChessBase"]
[PlyCount "38"]
[EventDate "2019.03.30"]
[EventType "swiss"]
[EventCountry "RUS"]
[SourceTitle "playchess.com"]
[Source "ChessBase"]
[SourceQuality "1"]
[TimeControl "5400+30"]

1. d4 Nf6 2. c4 g6 3. Nc3 d5 4. cxd5 Nxd5 5. Bd2 Bg7 6. e4 Nb6 7. Be3 O-O 8. Rc1 Nc6 9. d5 Nb8 10. Bb5 c6 11. dxc6 Qxd1+ 12. Rxd1 Nxc6 13. Nf3 Bxc3+ 14. bxc3 Be6 15. Bxc6 bxc6 16. Nd4 Bd7 17. Nb3 Be6 18. Nd4 Bd7 19. Nb3 Be6 1/2-1/2

[Event "Moscow-ch Men 2019"]
[Site "Moscow"]
[Date "2019.04.07"]
[Round "9.7"]
[White "Galaktionov, Artem"]
[Black "Afanasiev, Nikita"]
[Result "1-0"]
[ECO "D37"]
[WhiteElo "2332"]
[BlackElo "2527"]
[Annotator "RC"]
[PlyCount "65"]
[EventDate "2019.03.30"]
[EventType "swiss"]
[EventCountry "RUS"]
[SourceTitle "playchess.com"]
[Source "ChessBase"]
[SourceQuality "1"]
[TimeControl "5400+30"]

1. d4 Nf6 2. Nf3 e6 3. c4 d5 4. Nc3 dxc4 5. e3 a6 6. a4 b6 7. Bxc4 Bb7 8. O-O Bb4 9. Qb3 Qe7 10. Bd2 Nc6 11. Qc2 Rd8 12. Qd3 Nb8 13. Qe2 c5 14. dxc5 Qxc5 15. e4 Bxc3 16. Bxc3 Nxe4 17. Be5 O-O 18. Bxb8 Rxb8 19. Bxa6 Bd5 20. Rfc1 Qb4 21. Bc4 Ba8 22. Bb5 Rbc8 23. h3 Nd6 24. Ne5 Nf5 25. Nd7 Rxc1+ 26. Rxc1 Rd8 27. Nxb6 Bb7 28. Rc7 Nd4 29. Qe5 Qxb2 30. Rd7 Qc1+ 31. Kh2 Rxd7 32. Qb8+ Bc8 33. Bxd7 1-0

[Event "Moscow-ch Men 2019"]
[Site "Moscow"]
[Date "2019.04.07"]
[Round "9.8"]
[White "Ivanov, Oleg V"]
[Black "Savchenko, Boris"]
[Result "0-1"]
[ECO "B08"]
[WhiteElo "2441"]
[BlackElo "2575"]
[Annotator "ChessBase"]
[PlyCount "74"]
[EventDate "2019.03.30"]
[EventType "swiss"]
[EventCountry "RUS"]
[SourceTitle "playchess.com"]
[Source "ChessBase"]
[SourceQuality "1"]
[TimeControl "5400+30"]

1. e4 d6 2. d4 Nf6 3. Nc3 g6 4. Nf3 Bg7 5. Be3 c6 6. Qd2 b5 7. Bd3 Nbd7 8. a4 b4 9. Ne2 Qa5 10. Bh6 O-O 11. O-O e5 12. Ng3 c5 13. Bxg7 Kxg7 14. Qg5 cxd4 15. Bb5 Nc5 16. Bc6 h6 17. Qd2 Rb8 18. Nh4 Qc7 19. Bd5 Nxd5 20. exd5 Qd8 21. Nf3 a5 22. h4 Bb7 23. h5 Qf6 24. Nh2 Qg5 25. f4 Qxg3 26. Rf3 Qh4 27. Raf1 Ne4 28. Qc1 f5 29. Rh3 Qe7 30. hxg6 exf4 31. Re1 Rf6 32. Nf3 Rxg6 33. Qxf4 Qf6 34. Nh4 Rg5 35. Rf3 Rf8 36. Ref1 Ba6 37. Re1 Qe5 0-1

[Event "Moscow-ch Men 2019"]
[Site "Moscow"]
[Date "2019.04.07"]
[Round "9.9"]
[White "Golubov, Saveliy"]
[Black "Dvalishvili, Pavel S."]
[Result "1-0"]
[ECO "C33"]
[WhiteElo "2460"]
[BlackElo "2407"]
[Annotator "ChessBase"]
[PlyCount "77"]
[EventDate "2019.03.30"]
[EventType "swiss"]
[EventCountry "RUS"]
[SourceTitle "playchess.com"]
[Source "ChessBase"]
[SourceQuality "1"]
[TimeControl "5400+30"]

1. e4 e5 2. f4 exf4 3. Nc3 d6 4. Bc4 Qh4+ 5. Kf1 Be6 6. Qe2 c6 7. d4 Nf6 8. Nf3 Bxc4 9. Qxc4 Qg4 10. h3 Qd7 11. Bxf4 Be7 12. Kf2 O-O 13. Rhe1 Na6 14. Kg1 d5 15. exd5 cxd5 16. Qb5 Bb4 17. Qd3 Bxc3 18. bxc3 Rac8 19. Rab1 Qc6 20. Re7 Qxc3 21. Rbxb7 Qxd3 22. cxd3 Nb8 23. Bxb8 Rxb8 24. Rxa7 Rb1+ 25. Kh2 h6 26. Ne5 Re1 27. Rxf7 Rxf7 28. Nxf7 Nh5 29. Nd6 Re2 30. Nf5 Kf8 31. a4 g5 32. Ra8+ Kf7 33. Nxh6+ Kg6 34. Ra6+ Kh7 35. Nf7 Nf4 36. Nxg5+ Kg7 37. Kg3 Nxg2 38. Ne6+ Kf7 39. Nf4 1-0

[Event "Moscow-ch Men 2019"]
[Site "Moscow"]
[Date "2019.04.07"]
[Round "9.11"]
[White "Dragomarezkij, Evgeni"]
[Black "Smirnov, Timofey"]
[Result "0-1"]
[ECO "A11"]
[WhiteElo "2386"]
[BlackElo "2345"]
[Annotator "NA"]
[PlyCount "142"]
[EventDate "2019.03.30"]
[EventType "swiss"]
[EventCountry "RUS"]
[SourceTitle "playchess.com"]
[Source "ChessBase"]
[SourceQuality "1"]
[TimeControl "5400+30"]

1. c4 c6 2. Nf3 d5 3. e3 Bg4 4. Qb3 Qc7 5. d4 Bxf3 6. gxf3 e6 7. Nd2 Nf6 8. f4 Nbd7 9. cxd5 Nxd5 10. Bg2 Be7 11. Ne4 Qb6 12. Qa4 Bb4+ 13. Bd2 Bxd2+ 14. Nxd2 O-O 15. Rb1 Rfd8 16. O-O Rac8 17. Rfc1 a6 18. b4 Qc7 19. Qb3 N7f6 20. a4 Qe7 21. Nf3 Ne4 22. Rb2 Nd6 $11 23. Bf1 h6 24. Kh1 Kh8 25. Bd3 Rg8 26. Rg1 Qc7 27. Ne5 g6 28. Qc2 Ne7 29. Qc5 Rg7 30. b5 b6 31. Qc2 cxb5 32. Qxc7 Rxc7 33. axb5 a5 34. Nc6 Nd5 35. Rb3 Rg8 36. Kg2 Nc8 37. Be4 Nce7 38. Bxd5 Nxd5 39. Rc1 Rgc8 40. Rc4 Kg7 41. Kf3 f5 42. h4 Kf6 43. e4 fxe4+ 44. Kxe4 h5 45. Rc1 Ne7 46. Rcb1 Nf5 47. Rh1 Nd6+ 48. Kd3 Nxb5 49. Rxb5 Rxc6 50. Rhb1 Rc2 51. d5 R2c3+ 52. Ke2 Rc2+ 53. Kf3 R8c3+ 54. Kg2 exd5 55. Rxb6+ Rc6 56. R1b5 a4 57. Rxc6+ Rxc6 58. Ra5 Rc4 59. Kf3 Ke6 60. Ke3 Re4+ 61. Kf3 Rd4 62. Ke3 Rb4 63. Ra8 Kf5 64. Rf8+ Kg4 65. f3+ Kxh4 66. Rg8 Rb6 67. f5 Rb3+ 68. Kf4 g5+ 69. Ke5 Rxf3 70. Rd8 g4 71. Rxd5 g3 {[%emt 0:00:06] Kf4} 0-1

[Event "Moscow-ch Men 2019"]
[Site "Moscow"]
[Date "2019.04.07"]
[Round "9.12"]
[White "Gubajdullin, Alexei"]
[Black "Geivondian, Arman"]
[Result "1-0"]
[ECO "A43"]
[WhiteElo "2344"]
[BlackElo "2388"]
[Annotator "NA"]
[PlyCount "95"]
[EventDate "2019.03.30"]
[EventType "swiss"]
[EventCountry "RUS"]
[SourceTitle "playchess.com"]
[Source "ChessBase"]
[SourceQuality "1"]
[TimeControl "5400+30"]

1. d4 c5 2. c3 cxd4 3. cxd4 d5 4. Nc3 e5 5. dxe5 d4 6. Ne4 Nc6 7. Nd6+ Bxd6 8. exd6 Qxd6 9. e4 f5 10. Qh5+ g6 11. Qe2 Nf6 12. e5 $1 Qxe5 $11 13. Qxe5+ Nxe5 14. Bf4 Nc6 15. Bc4 Ne4 16. Nf3 Ke7 17. Rd1 Rd8 18. Ng5 h6 19. Nxe4 fxe4 20. Bxh6 Bg4 21. Bg5+ Kd6 22. Rd2 Rf8 23. O-O Rf5 24. Bh4 Rc5 25. Bf7 Bf5 26. b4 Rb5 27. a3 d3 28. Bg3+ Kd7 29. Re1 Nd4 30. Bc4 Rb6 31. f3 Rc8 32. fxe4 Rxc4 33. exf5 Nxf5 34. Rxd3+ Kc6 35. Re6+ Kb5 36. Re5+ Kc6 37. Re6+ Kb5 38. Re5+ Kc6 39. b5+ Rxb5 40. Re6+ Kc5 41. Bf2+ Nd4 42. h4 g5 43. hxg5 Kd5 44. Re8 Rb1+ 45. Kh2 Rb5 46. g6 Rb6 47. Rd8+ Ke4 48. R8xd4+ {[%emt 0:00:10] Kd5} 1-0

[Event "Moscow-ch Men 2019"]
[Site "Moscow"]
[Date "2019.04.07"]
[Round "9.13"]
[White "Savenkov, Konstantin"]
[Black "Tunik, Sergey"]
[Result "1-0"]
[ECO "C00"]
[WhiteElo "2373"]
[BlackElo "2167"]
[Annotator "NA"]
[PlyCount "76"]
[EventDate "2019.03.30"]
[EventType "swiss"]
[EventCountry "RUS"]
[SourceTitle "playchess.com"]
[Source "ChessBase"]
[SourceQuality "1"]
[TimeControl "5400+30"]

1. e4 e6 2. d3 d5 3. Nd2 c5 4. g3 Nc6 5. Bg2 g6 6. Ne2 Bg7 7. O-O Nf6 8. exd5 exd5 9. Nb3 b6 10. c4 Bb7 11. Nc3 d4 12. Re1+ Kf8 13. Nd5 Qd7 ({Better is} 13... h6 $14) 14. Bf4 $2 (14. Bg5 $18 Ng8 15. Bh4) 14... Nxd5 (14... h6 $1 $11 {keeps the balance.}) 15. Bxd5 h6 $16 16. Qf3 Kg8 17. h4 Kh7 18. Nd2 Rhe8 19. Ne4 Nd8 20. Nd6 Rxe1+ 21. Rxe1 Bxd5 22. cxd5 Nb7 23. Nc4 b5 24. Ne5 Bxe5 25. Bxe5 Qf5 26. Qxf5 gxf5 27. Bc7 Kg7 28. d6 Kf8 29. d7 c4 30. dxc4 bxc4 31. Re5 c3 32. bxc3 dxc3 33. Re3 c2 34. Rc3 Ke7 35. Rxc2 Kxd7 36. Bf4 Na5 37. Rc7+ Ke6 38. Bd2 Kd5 1-0

[Event "Moscow-ch Men 2019"]
[Site "Moscow"]
[Date "2019.04.07"]
[Round "9.14"]
[White "Tsoi, Dmitry"]
[Black "Spichkin, Alexander"]
[Result "0-1"]
[ECO "A02"]
[WhiteElo "2340"]
[BlackElo "2197"]
[Annotator "NA"]
[PlyCount "54"]
[EventDate "2019.03.30"]
[EventType "swiss"]
[EventCountry "RUS"]
[SourceTitle "playchess.com"]
[Source "ChessBase"]
[SourceQuality "1"]
[TimeControl "5400+30"]

1. f4 Nh6 2. Nf3 e6 3. g3 b6 4. Bg2 Bb7 5. O-O Nf5 6. Qe1 d5 7. d3 Bc5+ 8. e3 a5 9. g4 Ne7 10. a3 h5 11. h3 hxg4 12. hxg4 Ng6 13. Qg3 Nh4 14. b3 Nd7 15. Ra2 Qe7 16. c3 (16. Nxh4 $17 {is a better defense.} Qxh4 17. Qxh4 Rxh4 18. d4) 16... Nxf3+ 17. Bxf3 g5 18. d4 Bd6 19. c4 f5 20. cxd5 fxg4 21. Qxg4 {[%emt 0:02:20] Double Attack} Bxd5 22. fxg5 $2 (22. Bxd5 $15 exd5 23. Nc3 (23. fxg5 Qh7 $17)) 22... O-O-O 23. Nc3 Bxf3 24. Qxf3 $2 (24. Rxf3 Rdg8 25. e4) 24... Qxg5+ $19 25. Rg2 Qh4 26. Qa8+ Nb8 27. Qe4 Qh1+ 0-1

[Event "Moscow-ch Men 2019"]
[Site "Moscow"]
[Date "2019.04.07"]
[Round "9.15"]
[White "Makarian, Rudik"]
[Black "Yarygin, Maksim"]
[Result "1-0"]
[ECO "A37"]
[WhiteElo "2354"]
[BlackElo "2204"]
[Annotator "NA"]
[PlyCount "117"]
[EventDate "2019.03.30"]
[EventType "swiss"]
[EventCountry "RUS"]
[SourceTitle "playchess.com"]
[Source "ChessBase"]
[SourceQuality "1"]
[TimeControl "5400+30"]

1. Nf3 g6 2. c4 c5 3. Nc3 Bg7 4. g3 Nc6 5. Bg2 e5 6. d3 Nge7 7. Rb1 O-O 8. O-O d6 9. a3 a5 10. Ne1 Be6 11. Nc2 d5 12. cxd5 Nxd5 13. Ne4 Qe7 {[%emt 0:06:41] A37: Symmetrical English vs ...g6: 4 Bg2 Bg7 5 Nf3} (13... b6 14. Bd2 h6 15. b4 cxb4 16. axb4 a4 17. Na3 Nd4 18. Nc3 Nxc3 19. Bxc3 Bb3 20. Qd2 Rc8 21. Rfc1 {0-1 (29) Sonis,F (2499)-Lodici,L (2456) Salerno 2018}) 14. Ne3 Rfd8 $146 ({Predecessor:} 14... Nxe3 15. Bxe3 Nd4 16. Rc1 b6 17. b4 cxb4 18. axb4 axb4 19. Rb1 Ra2 20. Bd2 b3 21. Nc3 {0-1 (33) Kobeshavidze,L (1937)-Khurtsilava,I (2290) Tbilisi 2013}) 15. Nxd5 Bxd5 16. Bg5 f6 17. Be3 Nd4 18. Bxd4 cxd4 19. Nd2 Bf7 20. Qa4 Qd7 21. Qxd7 Rxd7 22. Rfc1 Bh6 23. Ne4 Kg7 24. Nc5 Re7 25. Rd1 Ra7 26. b4 {[%emt 0:00:18] [#]} b6 ({Better is} 26... a4 $1 $17 27. Ne4 Bb3) 27. Ne4 a4 28. Nd6 Bb3 29. Nc8 Bxd1 30. Rxd1 Rac7 31. Nxe7 Rxe7 32. Bc6 Rc7 33. b5 $11 Kh8 34. Kg2 Bf8 35. Rc1 Ra7 36. Ra1 Bc5 37. Kf3 Kg7 38. Ke4 Kf7 39. Kd5 Kg7 40. h4 Re7 41. Rc1 e4 42. dxe4 Re5+ 43. Kc4 Bxa3 44. Rb1 Bc5 45. Ra1 a3 46. f4 Re7 47. Kb3 h6 48. Bd5 Bd6 49. Rc1 Rc7 50. Rc6 Rxc6 51. bxc6 b5 52. g4 g5 53. e5 fxe5 54. fxg5 hxg5 55. h5 e4 56. Bxe4 Kf8 57. Bd3 b4 58. Bb1 Ke7 59. Ba2 1-0

[Event "Moscow-ch Men 2019"]
[Site "Moscow"]
[Date "2019.04.07"]
[Round "9.16"]
[White "Ageichenko, Genadi A"]
[Black "Obolentseva, Alexandra"]
[Result "1/2-1/2"]
[ECO "A48"]
[WhiteElo "2208"]
[BlackElo "2326"]
[Annotator "NA"]
[PlyCount "141"]
[EventDate "2019.03.30"]
[EventType "swiss"]
[EventCountry "RUS"]
[SourceTitle "playchess.com"]
[Source "ChessBase"]
[SourceQuality "1"]
[TimeControl "5400+30"]

1. Nf3 Nf6 2. d4 g6 3. Bg5 Bg7 4. Nbd2 d5 5. e3 O-O 6. Bd3 Nbd7 7. O-O c5 8. c3 h6 9. Bh4 Re8 {[%emt 0:02:37] D03: 1 d4 d5 2 Nf3 Nf6 3 Bg5, including Torre Attack with early ...d5} 10. Bg3 (10. Re1 Qb6 11. Qc2 e5 12. e4 dxe4 13. Bxe4 Nxe4 14. Qxe4 Qxb2 15. Nc4 Qb3 16. dxe5 Qb4 17. Qc2 {½-½ (27) Le Roux,J (2490)-Gladyszev,O (2473) Rennes 2008}) 10... Nh5 11. Be5 Nxe5 12. Nxe5 Nf6 $146 ({Predecessor:} 12... cxd4 13. cxd4 Bxe5 14. dxe5 Ng7 15. Nb3 Qc7 16. f4 Qb6 17. Qd2 {0-1 (55) Harzer,P (2024)-Schuettig,R (2171) Winterberg 2004}) 13. b4 cxb4 14. cxb4 Nd7 15. f4 Qb6 16. Qa4 Rd8 17. Ndf3 Nxe5 18. Nxe5 Bxe5 19. fxe5 Bd7 20. Qb3 Bb5 21. Bxb5 Qxb5 22. a4 Qc6 23. Rac1 Qe6 24. Rc5 Rac8 25. Rfc1 b6 $14 26. R5c3 Qd7 27. b5 Qf5 28. h3 Kg7 29. Rc6 Ra8 30. Rc7 Rac8 31. Kh2 Rxc7 32. Rxc7 Rd7 33. Rc6 h5 34. Qc2 Qg5 35. Qf2 e6 36. Qf4 Qe7 37. Rc8 Rb7 38. Kg3 Kh7 39. Qh4 Qxh4+ 40. Kxh4 Kh6 41. Kg3 Kg5 42. Kf3 Rd7 43. e4 dxe4+ 44. Kxe4 Kh4 45. Rc3 g5 46. Rf3 Rc7 47. Kd3 g4 48. hxg4 hxg4 49. Rf2 Kg3 50. Ra2 Kh2 51. d5 exd5 52. Kd4 g3 53. Kxd5 Rc1 54. a5 Rc5+ 55. Kd6 Rxb5 56. axb6 axb6 57. Ra7 Rb3 58. Rxf7 Rd3+ 59. Kc6 Re3 60. Kd6 b5 61. e6 b4 62. e7 b3 63. Rf3 Rxf3 64. e8=Q Rf2 65. Qh5+ Kxg2 66. Qd5+ Kh2 67. Qh5+ Kg2 68. Qd5+ Rf3 69. Qd2+ Rf2 70. Qd5+ Kh2 71. Qh5+ 1/2-1/2